 Dungeon Crawl Stone Soup version 0.29.1 (webtiles) character file.

Game seed: 15158888834754602216

8242 wakxed the Basher (level 11, -11/71 HPs)
             Began as a Gargoyle Fighter on Sept 12, 2022.
             Was a Priest of Ru.
             Mangled by a sun demon (17 damage)
             ... summoned by a kobold demonologist
             ... on level 9 of the Dungeon.
             The game lasted 00:41:40 (13477 turns).

wakxed the Basher (Gargoyle Fighter)               Turns: 13477, Time: 00:41:41

Health: -11/71     AC: 30    Str: 24    XL:     11   Next: 27%
Magic:  9/9        EV:  7    Int:  7    God:    Ru [***...]
Gold:   718        SH:  6    Dex: 10    Spells: 10/10 levels left

rFire   . . .      SeeInvis .   a - +3 whip (holy)
rCold   + + .      Faith    .   K - +0 buckler {rC+}
rNeg    + + +      Spirit   .   n - +0 plate armour
rPois   ∞          Reflect  .   v - +1 helmet
rElec   +          Harm     .   z - +2 ratskin cloak {*Rats rPois rN+ Str-1 Int-1 Dex+1}
rCorr   .          Rampage  .   y - +0 pair of gloves
Will    .....                   k - +0 pair of boots
Stlth   ..........              g - amulet of magic regeneration
HPRegen 0.21/turn               o - ring of positive energy
MPRegen 0.51/turn               i - ring of protection from cold

@: no status effects
A: sickness immunity, AC +8, low MP 1, negative energy resistance 1, electricity
resistance, torment resistance 1, petrification resistance, no potion heal 1, no
stealth, inability to train dodging
a: Renounce Religion, Draw Out Power


You were on level 9 of the Dungeon.
You worshipped Ru.
Ru was most pleased with you.
You visited 2 branches of the dungeon, and saw 10 of its levels.
You also visited: Bailey.

You collected 718 gold pieces.

Inventory:

Hand Weapons
 a - a +3 whip of holy wrath (weapon)
 b - a +1 sling of flaming
Missiles
 c - 4 curare-tipped darts
 f - 6 javelins
 h - 41 poisoned darts
 L - 4 datura-tipped darts
 M - 11 boomerangs (quivered)
Armour
 k - a +0 pair of boots (worn)
 n - a +0 plate armour (worn)
 v - a +1 helmet (worn)
 y - a +0 pair of gloves (worn)
 z - the +2 ratskin cloak (worn) {*Rats rPois rN+ Str-1 Int-1 Dex+1}
   (You found it on level 8 of the Dungeon)

   When the wearer is hurt, rats may emerge from it to assist them.
   Str:       It affects your strength (-1).
   Int:       It affects your intelligence (-1).
   Dex:       It affects your dexterity (+1).
   rPois:     It protects you from poison.
   rN:        It protects you from negative energy.
 K - a +0 buckler of cold resistance (worn)
Jewellery
 g - an amulet of magic regeneration (around neck)
 i - a ring of protection from cold (right hand)
 o - a ring of positive energy (left hand)
Wands
 l - a wand of mindburst (23)
 s - a wand of iceblast (4)
 C - a wand of flame (26)
Scrolls
 d - a scroll of amnesia {unknown}
 e - a scroll of vulnerability
 p - 3 scrolls of blinking
 r - a scroll of poison {unknown}
 t - 2 scrolls of immolation
 A - a scroll of teleportation
 E - a scroll of magic mapping
 F - a scroll of enchant armour {unknown}
 G - a scroll of summoning {unknown}
 N - a scroll of fear {unknown}
Potions
 j - a potion of invisibility
 m - a potion of flight {unknown}
 q - a potion of berserk rage {unknown}
 u - 2 potions of brilliance
 w - a potion of lignification {unknown}
 x - a potion of magic {unknown}
 B - a potion of heal wounds {unknown}
 D - 2 potions of ambrosia {unknown}
 H - 3 potions of mutation
 I - 3 potions of haste
 J - 2 potions of attraction {unknown}


   Skills:
 + Level 9.1 Fighting
 * Level 11.1 Maces & Flails
 + Level 9.1 Armour
 + Level 9.1 Shields


You had 10 spell levels left.
You didn't know any spells.
Your spell library contained the following spells:

 Spells                   Type           Power      Damage    Failure   Level
 Blink                    Tloc           0%         N/A       100%        2
 Ensorcelled Hibernation  Hex/Ice        0%         N/A       100%        2
 Gell's Gravitas          Tloc           0%         N/A       100%        3
 Inner Flame              Hex/Fire       0%         N/A       100%        3
 Lesser Beckoning         Tloc           0%         N/A       100%        3
 Teleport Other           Tloc           0%         N/A       100%        3
 Animate Armour           Summ/Erth      0%         N/A       100%        4
 Ice Form                 Ice/Tmut       0%         N/A       100%        4
 Summon Ice Beast         Ice/Summ       0%         N/A       100%        4
 Blade Hands              Tmut           0%         N/A       100%        5
 Manifold Assault         Tloc           0%         N/A       100%        5
 Iron Shot                Conj/Erth      0%         9d1       100%        6
 Storm Form               Tmut/Air       0%         N/A       100%        7


Dungeon Overview and Level Annotations

Branches:
Dungeon (9/15)             Temple (1/1) D:6            Lair (0/5) D:8
 Bailey (visited)
    Orc: D:9-12

Altars:
Ashenzari
Cheibriados
Dithmenos
Elyvilon
Fedhas
Gozag
Hepliaklqana
Kikubaaqudgha
Makhleb
Nemelex Xobeh
Okawaru
Qazlal
Ru
Trog
Uskayaw
Vehumet
Wu Jian
Xom
Yredelemnul
The Shining One

Shops:
D:2 [


Innate Abilities, Weirdness & Mutations

You are immune to sickness and miasma.
Your stone body is resilient. (AC +8)
You are immune to poison.
Your magical capacity is low. (-10% MP)
You resist negative energy. (rN+)
You are resistant to electric shocks. (rElec)
You are resistant to unholy torment.
You are immune to petrification.
Potions are less effective at restoring your health.
You cannot be stealthy.
You cannot train Dodging skill.


Message History

The orc warrior hits you with a +0 hand axe.
The kobold demonologist gestures wildly while chanting.
You hit the orc warrior.
The orc warrior is severely wounded.
You hit the orc warrior.
You kill the orc warrior!
You barely miss the sun demon.
The sun demon is stunned by your conviction and fails to attack.
You hit the sun demon but do no damage. You miss the sun demon.
The sun demon hits you but does no damage.
You closely miss the sun demon. You whack the sun demon!
The sun demon convulses!
The sun demon is moderately wounded.
The sun demon hits you but does no damage.
You hit the sun demon but do no damage.
The sun demon is moderately wounded.
You block the sun demon's attack.
You closely miss the sun demon.
The sun demon is moderately wounded.
The sun demon is stunned by your conviction and fails to attack.
You hit the sun demon but do no damage.
The sun demon is moderately wounded.
You barely miss the sun demon.
The sun demon is moderately wounded.
The sun demon hits you!!
You are engulfed in flames!
A river rat scurries out from under your cloak.
You hit the sun demon but do no damage.
The sun demon is moderately wounded.
The sun demon hits you.
You are engulfed in flames!
* * * LOW HITPOINT WARNING * * *
Okay, then.
The sun demon attacks as you move away! You block the sun demon's attack.
A killer bee comes into view.
Your river rat bites the sun demon but does no damage.
The kobold demonologist gestures wildly while chanting.
The sun demon hits you!
* * * LOW HITPOINT WARNING * * *
You are engulfed in flames!
You die...

........#..#§) ..#
#######.##.##.§######..##.
......#.##.y##KK......##~.
####....# #.^##)8^.8.##..#
.# ###### #..4K#######...#
.# ##..~..~≈..~..#
.######## #.~.r~..~..≈.#
........# ##.^.3..≈...#
.######[######.~@.†.~.#
...####.....#######)###
##.#....###.........#
#.#.#### ###########
#.....# ###.#.# #...#
#####


You could see a sun demon (summoned, ally target), an orange demon (summoned), a
kobold demonologist, a killer bee (distracted) and a friendly river rat.

Vanquished Creatures
  2 vault guards (Bailey)
  A komodo dragon (D:8)
  Prince Ribbit (Bailey)
  Grinder (D:3)
  7 yaks
  4 humans (Bailey)
  2 steam dragons (D:6)
  4 water moccasins
  5 black bears
  An orc warrior (D:9)
  2 sky beasts
  An ogre (D:3)
  5 centaurs
  A phantom (D:5)
  4 kobold brigands
  10 bullfrogs
  3 necrophages (D:4)
  4 scorpions
  8 wights
  A killer bee (D:9)
  2 howler monkeys
  2 hounds
  A gnoll bouda (D:7)
  4 orc priests
  A scorpion zombie (D:4)
  Natasha (thrice) (D:3)
  An iguana (D:5)
  3 orc wizards
  4 hell rats (D:8)
  A hound zombie (D:4)
  Robin (D:3)
  6 adders
  11 gnolls
  18 river rats (D:8)
  2 shadow imps (D:7)
  2 white imps (D:7)
  An ufetubus (D:5)
  3 adder zombies (D:4)
  A worm (D:3)
  18 orcs
  4 ball pythons
  5 endoplasms
  5 giant cockroaches
  17 goblins
  13 hobgoblins
  A quokka (D:2)
  A bat (D:1)
  6 frilled lizards
  21 kobolds
  A rat (D:2)
  A bush (D:4)
227 creatures vanquished.

Vanquished Creatures (others)
  A wyvern (D:9)
  A black bear (D:6)
  An ogre (D:5)
  65 fungi
  57 plants
125 creatures vanquished.

Grand Total: 352 creatures vanquished

Notes
Turn   | Place    | Note
-------+----------+-------------------------------------------
     0 | D:1      | wakxed the Gargoyle Fighter began the quest for the Orb.
     0 | D:1      | Reached XP level 1. HP: 14/14 MP: 1/1
   291 | D:1      | Reached XP level 2. HP: 14/19 MP: 2/2
   640 | D:1      | Reached XP level 3. HP: 17/23 MP: 3/3
   812 | D:1      | Found a faded altar of an unknown god.
   821 | D:1      | Prayed at the altar of an unknown god.
   821 | D:1      | Became a worshipper of Ru the Awakened
   838 | D:1      | Gained mutation: Your magical capacity is low. (-10% MP)
                  | [Ru sacrifice]
  1613 | D:2      | Found Ugossay's Antique Armour Boutique.
  2265 | D:3      | Reached skill level 3 in Maces & Flails
  2265 | D:3      | Reached XP level 4. HP: 29/29 MP: 3/3
  2554 | D:3      | Noticed Robin
  2561 | D:3      | Killed Robin
  2809 | D:3      | Reached XP level 5. HP: 33/33 MP: 4/4
  2909 | D:3      | Noticed Natasha
  2916 | D:3      | Killed Natasha
  2966 | D:3      | Noticed a water moccasin
  3004 | D:3      | Killed a water moccasin
  3005 | D:3      | Reached skill level 4 in Maces & Flails
  3005 | D:3      | Reached XP level 6. HP: 13/39 MP: 5/5
  3305 | D:3      | HP: 1/39 [orc wizard/magic dart (6)]
  3310 | D:3      | Reached XP level 7. HP: 13/44 MP: 6/6
  3584 | D:3      | Noticed Grinder
  3594 | D:3      | Paralysed by Grinder for 4 turns
  3746 | D:3      | Paralysed by Grinder for 4 turns
  3759 | D:3      | Paralysed by Grinder for 5 turns
  3779 | D:3      | Paralysed by Grinder for 2 turns
  3788 | D:3      | Killed Grinder
  3789 | D:3      | Reached skill level 5 in Fighting
  3789 | D:3      | Reached skill level 5 in Maces & Flails
  3789 | D:3      | Reached skill level 5 in Armour
  3789 | D:3      | Reached skill level 5 in Shields
  3903 | D:3      | Found a broken altar of Ashenzari.
  3905 | D:3      | Found an iron altar of Okawaru.
  3910 | D:3      | Found a bloodstained altar of Trog.
  3911 | D:3      | Found a hide-covered altar of Uskayaw.
  3911 | D:3      | Found a radiant altar of Vehumet.
  3911 | D:3      | Found a sacrificial altar of Ru.
  3911 | D:3      | Found an opulent altar of Gozag.
  3913 | D:3      | Found an ornate altar of the Wu Jian Council.
  3914 | D:3      | Found a burning altar of Makhleb.
  3916 | D:3      | Found a hazy altar of Hepliaklqana.
  4140 | D:3      | Noticed Natasha
  4148 | D:3      | Killed Natasha
  4701 | D:3      | Noticed Natasha
  4708 | D:3      | Killed Natasha
  4830 | D:4      | Gained mutation: You cannot train Dodging skill. [Ru
                  | sacrifice]
  4830 | D:4      | Reached * piety under Ru
  5267 | D:4      | Found a blossoming altar of Fedhas.
  5422 | D:4      | Reached XP level 8. HP: 46/50 MP: 7/7
  5429 | D:4      | Reached skill level 6 in Maces & Flails
  5509 | D:5      | Entered Level 5 of the Dungeon
  6100 | D:4      | Reached skill level 7 in Maces & Flails
  6671 | D:6      | Reached XP level 9. HP: 46/56 MP: 8/8
  6788 | D:6      | Found a staircase to the Ecumenical Temple.
  6799 | Temple   | Entered the Ecumenical Temple
  6912 | D:6      | Identified the +11 long sword "Kahugam" {venom, rN+ MP+9
                  | Str+4 Int-5}
  7095 | D:6      | Identified the ring "Rifacoal" {*Corrode rC++ rN+ Str+4}
  7363 | D:6      | Gained mutation: You cannot be stealthy. [Ru sacrifice]
  7363 | D:6      | Reached ** piety under Ru
  7565 | D:6      | Found a shadowy altar of Dithmenos.
  7681 | D:6      | Reached skill level 8 in Maces & Flails
  9453 | D:8      | Reached skill level 9 in Maces & Flails
  9453 | D:8      | Reached XP level 10. HP: 34/63 MP: 9/9
 10763 | D:8      | HP: 3/64 [komodo dragon (14)]
 11113 | D:8      | Got the Quarto of Conflagration and Cold
 11837 | D:8      | Reached skill level 10 in Maces & Flails
 11862 | D:8      | Found a staircase to the Lair.
 12184 | D:8      | Found the +2 ratskin cloak {*Rats rPois rN+ Str-1 Int-1
                  | Dex+1}
 12364 | D:9      | Found a flagged portal.
 12400 | Bailey   | Entered a bailey
 12605 | Bailey   | Noticed Prince Ribbit
 12629 | Bailey   | Killed Prince Ribbit
 12659 | Bailey   | Noticed a vault guard
 12681 | Bailey   | Killed a vault guard
 12682 | Bailey   | Reached XP level 11. HP: 35/69 MP: 9/9
 12842 | Bailey   | Gained mutation: Potions are less effective at restoring
                  | your health. [Ru sacrifice]
 12842 | Bailey   | Reached *** piety under Ru
 12890 | Bailey   | Noticed a vault guard
 12949 | Bailey   | Killed a vault guard
 12950 | Bailey   | Reached skill level 11 in Maces & Flails
 13447 | D:9      | Noticed a manticore
 13462 | D:9      | Noticed a sun demon
 13477 | D:9      | Mangled by a sun demon

Illustrated notes

Levels and vault maps discovered:
D:1:      scummos_arrival_hexagon, layout_basic, ebering_ecumenical_altar_mist
D:2:      layout_loops_ring, serial_shops, nicolae_square_shop
D:3:      layout_basic, minitemple, uniq_robin, uniq_natasha, uniq_grinder
D:4:      layout_cave_pools, fedhas_altar_decomposition, minivault_23,
          dk_noncrumbling_4, minmay_misc_feat_secret_circle,
          nicolae_elevator_lobby_asterisk
D:5:      layout_basic
D:6:      cheibrodos_steamvent, layout_loops_corners,
          nicolae_dithmenos_through_a_glass_darkly, minmay_temple_entry_slanted
D:7:      layout_basic, dreamdust_mushroom_princess
D:8:      wander_guarded_unrand_ratskin, layout_loops_ring,
          due_lair_maze_entry_diamond, nicolae_kite_square_tiling_tiny
D:9:      layout_basic, mainiacjoe_overflow_paths,
          nicolae_sif_muna_condensation, erik_orc_1, enter_bailey_5,
          minivault_5, nzn_random_ring
Temple:   hellmonk_temple_of_storms

Skill      XL: |  1  2  3  4  5  6  7  8  9 10 11 |
---------------+----------------------------------+-----
Maces & Flails | 3 4 5 7 9 10 11 | 11.1
Armour         | 4 5 6 7 8 9 |  9.1
Shields        | 4 5 6 7 8 9 |  9.1
Fighting       | 4 5 6 7 8 9 |  9.1

Action                   |  1- 3 |  4- 6 |  7- 9 | 10-12 || total
-------------------------+-------+-------+-------+-------++-------
Melee: Flail             |   116 |   145 |   321 |       ||   582
       Whip              |       |       |   294 |   692 ||   986
Throw: Javelin           |     2 |       |       |       ||     2
       Dart              |       |       |       |     1 ||     1
       Boomerang         |       |       |       |     4 ||     4
Invok: Sacrifice Essence |     1 |       |       |       ||     1
       Sacrifice Nimblen |       |       |     1 |       ||     1
       Sacrifice Stealth |       |       |     1 |       ||     1
       Sacrifice Purity  |       |       |       |     1 ||     1
  Use: Scroll            |     2 |       |     5 |     7 ||    14
       Potion            |       |     2 |       |     2 ||     4
 Stab: Distracted        |       |       |       |     3 ||     3
Armor: Scale mail        |    29 |       |       |       ||    29
       Plate armour      |    35 |   167 |   414 |   253 ||   869
Dodge: Dodged            |    45 |    62 |   136 |   117 ||   360
Block: Buckler           |    18 |    39 |   135 |   107 ||   299
